 Dungeon Crawl Stone Soup version 0.23.2-1-ga50397a6bc (webtiles) character file.

Game seed: 625961170416836997

6926 Peloso the Carver (level 10, -2/87 (88) HPs)
             Began as a Minotaur Fighter on Apr 24, 2019.
             Was a Believer of Okawaru.
             Slain by Grum
             ... wielding a -1 glaive
              (9 damage)
             ... on level 9 of the Dungeon.
             The game lasted 00:23:29 (9469 turns).

Peloso the Carver (Minotaur Fighter)                Turns: 9469, Time: 00:23:29

HP:   -2/87 (88)    AC: 15    Str: 22    XL:     10   Next: 80%
MP:   9/9           EV:  9    Int:  9    God:    Okawaru [**....]
Gold: 540           SH: 13    Dex: 12    Spells: 9/9 levels left

rFire    . . .     SeeInvis .   a - +0 long sword
rCold    + . .     Gourm    .   c - +1 shield
rNeg     . . .     Faith    .   y - +0 chain mail {rC+}
rPois    +         Spirit   .   (helmet restricted)
rElec    .         Reflect  .   I - +1 cloak {rPois}
rCorr    .         Harm     .   (no gloves)
MR       +....                  w - +0 pair of boots
Stlth    ..........             (no amulet)
HPRegen  0.24/turn              g - +4 ring of intelligence
MPRegen  0.11/turn              E - ring of protection from magic

@: no status effects
A: retaliatory headbutt, horns 2
a: Heroism, Renounce Religion


You were on level 9 of the Dungeon.
You worshipped Okawaru.
Okawaru was pleased with you.
You were very hungry.

You visited 2 branches of the dungeon, and saw 10 of its levels.

You collected 540 gold pieces.

Inventory:

Hand Weapons
 a - a +0 long sword (weapon)
 b - the +7 Spriggan's Knife {stab, EV+4 Stlth+}
   (You found it on level 2 of the Dungeon)

   It affects your evasion (+4).
   It makes you more stealthy.
Armour
 c - a +1 shield (worn)
 n - a +0 chain mail
 w - a +0 pair of boots (worn)
 y - a +0 chain mail of cold resistance (worn)
 I - a +1 cloak of poison resistance (worn)
Jewellery
 g - a +4 ring of intelligence (left hand)
 h - an uncursed ring of fire
 s - a +2 ring of intelligence
 C - an uncursed ring of wizardry
 E - a ring of protection from magic (right hand)
Wands
 k - a wand of random effects (20)
 x - a wand of paralysis (5)
 B - a wand of polymorph (23)
 D - a wand of flame (12)
 G - a wand of disintegration (16)
Scrolls
 j - 2 scrolls of amnesia
 m - 2 scrolls of teleportation {unknown}
 p - a scroll of noise {unknown}
 q - 3 scrolls of enchant armour
 v - a scroll of fog {unknown}
 A - a scroll of remove curse
 F - a scroll of magic mapping {unknown}
 H - a scroll of enchant weapon {unknown}
Potions
 d - a potion of might
 e - 3 potions of curing
 i - a potion of invisibility
 l - 3 potions of brilliance
 o - a potion of resistance {unknown}
 r - a potion of flight {unknown}
 t - 2 potions of berserk rage {unknown}
 u - 4 potions of heal wounds {unknown}
 z - 2 potions of degeneration {unknown}
Comestibles
 f - 25 rations


   Skills:
 + Level 8.2 Fighting
 + Level 1.7(6.9) Short Blades
 + Level 11.4 Long Blades
 + Level 10.1 Armour
 + Level 4.1 Dodging
 + Level 1.3 Stealth
 + Level 10.1 Shields
 + Level 0.1 Invocations
 + Level 0.4 Evocations


You had 9 spell levels left.
You didn't know any spells.
Your spell library contained the following spells:

 Spells                   Type           Power        Failure   Level  Hunger
 Magic Dart               Conj           #...         99%         1    ##.....
 Blink                    Tloc           N/A          100%        2    ###....
 Call Imp                 Summ           #.......     100%        2    ###....
 Slow                     Hex            #.......     100%        2    ###....
 Conjure Flame            Conj/Fire      #.......     100%        3    ####...
 Mephitic Cloud           Conj/Pois/Air  #.......     100%        3    ####...


Dungeon Overview and Level Annotations

Branches:
Dungeon (9/15)             Temple (1/1) D:6
   Lair: D:8-11         Orc: D:9-12

Altars:
Ashenzari
Cheibriados
Dithmenos
Fedhas
Gozag
Hepliaklqana
Kikubaaqudgha
Makhleb
Nemelex Xobeh
Okawaru
Qazlal
Ru
Sif Muna
Trog
Uskayaw
Vehumet
Wu Jian
Xom
Yredelemnul
Zin
The Shining One
Jiyva

Annotations:
D:9 Grum


Innate Abilities, Weirdness & Mutations

You reflexively headbutt those who attack you in melee.
You have a pair of horns on your head.


Message History

You hit the wolf.
The wolf is almost dead.
Something hits you but does no damage. The wolf bites you.
The wolf bites you but does no damage.
You slash the wolf!
You kill the wolf!
Okawaru accepts your kill. The wolf bites you but does no damage.
Something hits you!! The wolf completely misses you.
You block the wolf's attack.
You see here a wolf corpse.
You hit something but do no damage. You block the wolf's attack.
Something hits you!
You hit something. The wolf bites you but does no damage.
You block the wolf's attack. Something hits you!
* * * LOW HITPOINT WARNING * * *
You hit something. The wolf bites you!
* * * LOW HITPOINT WARNING * * *
You block the wolf's attack.
You miss something. You headbutt something! Something hits you!
You die...

#.......... #...#####..
#...#...#.###+###
#...')..#.#.....#
#†..'...#.#.....#
#...#####.#.....#
##.........#.....#
>..........#....{# #
...........#...h@# ..#
#..........#####'#....#
#.....................#
#+#########...........#
#...........#
#............#
#............#
#............#
#............#


You could see a wolf.

Vanquished Creatures
  A tengu warrior (D:8)
  Maurice (D:9)
  The ghost of OmG the Shooter, a novice OpHu (D:5)
  A troll (D:8)
  2 slime creatures
  3 hippogriffs (D:7)
  Sigmund (D:3)
  Menkaure (D:2)
  Duvessa (D:4)
  2 water moccasins
  4 sky beasts
  2 ice beasts
  A necrophage (D:7)
  3 centaurs
  2 wolves (D:9)
  4 ogres
  3 big kobolds (D:6)
  4 bullfrogs
  Dowan (D:4)
  2 scorpions (D:6)
  12 wights
  4 killer bees (D:7)
  A howler monkey (D:8)
  3 crimson imps
  A quasit (D:7)
  6 jellies (D:6)
  2 bullfrog zombies
  A centaur skeleton (D:6)
  3 hounds
  An orc priest (D:4)
  4 iguanas
  5 orc wizards
  Natasha (thrice) (D:4)
  2 worker ants
  2 hound zombies
  2 hound skeletons (D:7)
  11 adders
  4 gnolls (D:7)
  A shadow imp (D:6)
  4 oozes
  An adder zombie (D:8)
  2 adder skeletons
  3 worms
  4 dart slugs
  5 leopard geckos
  27 orcs
  A ball python (D:8)
  5 giant cockroaches
  7 goblins
  9 hobgoblins
  16 jackals
  3 quokkas
  11 bats
  5 frilled lizards
  A giant cockroach zombie (D:6)
  A jackal zombie (D:2)
  8 kobolds
  A leopard gecko skeleton (D:7)
  A leopard gecko zombie (D:5)
  15 rats
238 creatures vanquished.

Vanquished Creatures (others)
  A fungus (D:6)
  7 toadstools (D:6)
8 creatures vanquished.

Grand Total: 246 creatures vanquished

Notes
Turn   | Place    | Note
-------+----------+-------------------------------------------
     0 | D:1      | Peloso the Minotaur Fighter began the quest for the Orb.
     0 | D:1      | Reached XP level 1. HP: 19/19 MP: 0/0
   245 | D:1      | Reached XP level 2. HP: 24/27 MP: 1/1
   671 | D:1      | Reached XP level 3. HP: 24/33 MP: 2/2
  1020 | D:2      | Found an opulent altar of Gozag.
  1030 | D:2      | Found a transporter.
  1051 | D:2      | Found a transporter.
  1051 | D:2      | Found an ancient bone altar of Kikubaaqudgha.
  1055 | D:2      | Noticed Menkaure
  1074 | D:2      | Reached skill level 3 in Long Blades
  1106 | D:2      | Reached XP level 4. HP: 37/40 MP: 3/3
  1178 | D:2      | Found an opulent altar of Gozag.
  1224 | D:2      | Found a basalt altar of Yredelemnul.
  1225 | D:2      | Found the +7 Spriggan's Knife {stab, EV+4 Stlth+}
  1791 | D:3      | Reached skill level 4 in Long Blades
  1878 | D:3      | Noticed Sigmund
  1918 | D:3      | Killed Sigmund
  1918 | D:3      | Reached skill level 1 in Dodging
  1918 | D:3      | Reached skill level 5 in Shields
  1918 | D:3      | Reached XP level 5. HP: 20/47 MP: 4/4
  1918 | D:3      | Reached XP level 6. HP: 22/53 MP: 5/5
  1987 | D:3      | Reached skill level 5 in Long Blades
  2316 | D:3      | Reached skill level 5 in Armour
  2912 | D:4      | Noticed Natasha
  2929 | D:4      | Killed Natasha
  3001 | D:4      | Noticed Natasha
  3009 | D:4      | Killed Natasha
  3091 | D:4      | Noticed a moth of wrath
  3094 | D:4      | Found a bloodstained altar of Trog.
  3177 | D:4      | Reached skill level 6 in Long Blades
  3177 | D:4      | Reached XP level 7. HP: 53/60 MP: 6/6
  3476 | D:4      | Reached skill level 5 in Fighting
  3542 | D:4      | Noticed Natasha
  3550 | D:4      | Killed Natasha
  3667 | D:4      | Noticed Duvessa
  3696 | D:4      | Noticed Dowan
  3697 | D:4      | Killed Duvessa
  3718 | D:4      | Killed Dowan
  3718 | D:4      | Reached skill level 7 in Long Blades
  3911 | D:5      | Entered Level 5 of the Dungeon
  3917 | D:5      | Found a runed translucent door.
  3934 | D:5      | Noticed OmG's ghost (novice OpHu)
  3976 | D:5      | Reached XP level 8. HP: 67/69 MP: 7/7
  4256 | D:5      | Found a glowing golden altar of the Shining One.
  4627 | D:6      | Reached skill level 8 in Long Blades
  5004 | D:6      | Reached skill level 9 in Long Blades
  5009 | D:6      | Found a deep blue altar of Sif Muna.
  5009 | D:6      | Found a staircase to the Ecumenical Temple.
  5032 | Temple   | Entered the Ecumenical Temple
  5397 | D:6      | Reached skill level 1 in Stealth
  5399 | D:6      | Reached XP level 9. HP: 77/77 MP: 8/8
  5478 | D:6      | Found a shattered altar of Ashenzari.
  6328 | D:2      | Killed Menkaure
  6502 | D:7      | Reached skill level 10 in Long Blades
  6771 | D:7      | Reached skill level 1 in Short Blades
  6793 | D:7      | Found an iron altar of Okawaru.
  6865 | D:7      | Became a worshipper of Warmaster Okawaru
  6965 | D:7      | Reached XP level 10. HP: 81/85 MP: 9/9
  7998 | D:4      | Found a hazy altar of Hepliaklqana.
  8036 | D:5      | Killed OmG's ghost
  8340 | D:8      | Reached * piety under Okawaru
  8502 | D:8      | Noticed a tengu warrior
  8519 | D:8      | Killed a tengu warrior
  8519 | D:8      | Reached skill level 11 in Long Blades
  8821 | D:8      | Found a burning altar of Makhleb.
  8894 | D:8      | Reached ** piety under Okawaru
  8894 | D:8      | Reached skill level 10 in Shields
  9343 | D:9      | Noticed Maurice
  9355 | D:9      | Killed Maurice
  9355 | D:9      | Reached skill level 10 in Armour
  9451 | D:9      | Noticed Grum
  9469 | D:9      | Slain by Grum

Skill      XL: |  1  2  3  4  5  6  7  8  9 10 |
---------------+-------------------------------+-----
Fighting       | 4 5 6 7 8 |  8.2
Shields        | 4 5 6 7 8 10 | 10.1
Armour         | 4 5 6 7 8 10 | 10.1
Long Blades    | 3 4 6 7 9 10 11 | 11.4
Dodging        | 1 2 3 4 |  4.1
Stealth        | 1 |  1.3
Short Blades   | 1 |  1.7
Invocations    | |  0.1
Evocations     | |  0.4

Action                   |  1- 3 |  4- 6 |  7- 9 | 10-12 || total
-------------------------+-------+-------+-------+-------++-------
Melee: Long sword        |    81 |   176 |   324 |   238 ||   819
       Headbutt          |    18 |    46 |    96 |    53 ||   213
       Knife             |       |       |    60 |       ||    60
Invok: Heroism           |       |       |       |     1 ||     1
Evoke: Wand              |       |       |     3 |     2 ||     5
  Use: Scroll            |       |     6 |     1 |       ||     7
       Potion            |       |     2 |     1 |     1 ||     4
 Stab: Paralysed         |       |       |       |     3 ||     3
  Eat: Chunk             |       |     8 |     9 |     7 ||    24
       Ration            |       |       |     1 |       ||     1
Armor: Scale mail        |    24 |       |       |       ||    24
       Chain mail        |    28 |   133 |   139 |    99 ||   399
Dodge: Dodged            |    26 |    51 |    73 |    56 ||   206
Block: Shield            |    43 |   135 |   188 |   163 ||   529
       Rpst.: Long sword |     7 |     8 |    12 |    17 ||    44
